cohdb
Replays
Latest Replays
All Replays
Popular Replays
Top Player Replays
Match Explorer
How It Works
Community
CoH3 Stats
Reddit
Sign in to upload your games and track your stats! →
Sign in with Steam
Match 43988879
Unlisted
Match 43988879
Overview
Messages
Build Orders
End
Engineer Squad
Construct Barracks
Selects Heavy Weapons
Selects Heavy Weapons
Riflemen Squad
Riflemen Squad
Grenade Package
Selects M2HB .50cal Heavy Machine Gun
Construct Weapon Support Center
Riflemen Squad
Selects Assault Carriers
RO-KA
Numenour
Barbarossa
EF-2000
0
0
Comments
sign in to comment!
No comments posted yet!